 Dungeon Crawl Stone Soup version 0.18.1-48-g4cf74bf (webtiles) character file.

329 Heedrag the Covert (level 6, -1/35 HPs)
             Began as a Kobold Assassin on Aug 13, 2016.
             Slain by a sky beast (6 damage)
             ... on level 4 of the Dungeon.
             The game lasted 00:05:57 (2687 turns).

Heedrag the Covert (Kobold Assassin)                Turns: 2687, Time: 00:05:58

Health: -1/35      AC:  4    Str:  9    XL:     6   Next: 80%
Magic:  6/6        EV: 14    Int: 11    God:
Gold:   94         SH:  0    Dex: 18    Spells: 0 memorised, 5 levels left

rFire  . . .     SeeInvis .     a - +2 dagger
rCold  + . .     Gourm    .     c - +0 robe
rNeg   . . .     Faith    .     (shield restricted)
rPois  .         Spirit   .     (no helmet)
rElec  .         Dismiss  .     d - +0 cloak
rCorr  .         Reflect  .     i - +0 pair of gloves
SustAt .         Harm     .     (no boots)
MR     .....     Rnd*Tele +     (no amulet)
Stlth  +++++.....               t - ring of protection from cold
                                m - ring of teleportation (curse)

@: not resistant to hostile enchantments, quite stealthy
A: carnivore 3
a: no special abilities


You were on level 4 of the Dungeon.
You were completely stuffed.

You visited 1 branch of the dungeon, and saw 4 of its levels.

You collected 94 gold pieces.

Inventory:

Hand Weapons
 a - a +2 dagger (weapon)
 b - a +0 blowgun
Missiles
 e - 7 poisoned needles
 f - 2 curare-tipped needles
 h - 5 needles of sleeping
Armour
 c - a +0 robe (worn)
 d - a +0 cloak (worn)
 i - a +0 pair of gloves (worn)
 w - a +0 buckler
Jewellery
 m - a cursed ring of teleportation (left hand)
 t - a ring of protection from cold (right hand)
Wands
 u - a wand of acid (1/15)
Scrolls
 j - a scroll of immolation {unknown}
 k - a scroll of fog {unknown}
 n - a scroll of identify {unknown}
 o - a scroll of fear {unknown}
 q - 2 scrolls of amnesia {unknown}
 r - a scroll of recharging {unknown}
 v - a scroll of enchant weapon {unknown}
Potions
 p - a potion of brilliance {unknown}
 s - a potion of cure mutation {unknown}
Comestibles
 g - 2 meat rations
 l - 2 chunks of flesh


   Skills:
 - Level 2.1 Fighting
 - Level 2.6 Short Blades
 - Level 2.1 Throwing
 - Level 1.2 Dodging
 * Level 10.5 Stealth


You had 5 spell levels left.
You didn't know any spells.

Dungeon Overview and Level Annotations

Branches:
Dungeon (4/15)
 Temple: D:4-7

Altars:
Trog


Innate Abilities, Weirdness & Mutations

You are small and have problems with some larger weapons.
You are carnivorous and can eat meat at any time.


Message History

Tha sky beast barely misses ye.
Ye hit tha sky beast.
Tha sky beast be lightly wounded.
Tha sky beast hits ye.
Tha sky beast shocks ye.
Ye closely miss tha sky beast.
Tha sky beast be lightly wounded.
Tha sky beast hits ye.
Tha sky beast shocks ye.
Ye hit tha sky beast.
Tha sky beast be lightly wounded.
Tha sky beast hits ye.
Tha sky beast shocks ye.
* * * LOW HITPOINT WARNIN'
* * * Ye be too injured ta fight recklessly!
Ye hit tha sky beast.
Tha sky beast be lightly wounded.
Ye hit tha sky beast.
Tha sky beast be moderately wounded.
Tha sky beast hits ye.
* * * LOW HITPOINT WARNIN'
* * * Tha sky beast shocks ye.
Ye die...

#............#
#..#.........#
####..##........#
###.###.###.<.....#
###.....#..###......#
#..........# ###....#
##..........## ##.###
##>...........## ###
#.....@........###
#.....Y..........# #
#..................# #.
###.............#...#..
###...........###...#
###...#.......## #.## #
##....########## .#
..###...### #
#......###


You could see a sky beast.

Vanquished Creatures
  Sigmund (D:4)
  A hound (D:4)
  A worker ant (D:4)
  5 adders
  An adder skeleton (D:4)
  3 worms
  A dart slug (D:2)
  6 giant geckos
  3 orcs
  6 bats
  6 goblins
  5 hobgoblins
  4 jackals (D:3)
  2 ball pythons
  2 giant newts
  5 kobolds
  7 rats
59 creatures vanquished.

Vanquished Creatures (others)
  A wizard (D:4)
1 creature vanquished.

Grand Total: 60 creatures vanquished

Notes
Turn   | Place    | Note
--------------------------------------------------------------
     0 | D:1      | Heedrag the Kobold Assassin began the quest for the Orb.
     0 | D:1      | Reached XP level 1. HP: 12/12 MP: 1/1
   105 | D:1      | Reached XP level 2. HP: 15/17 MP: 2/2
   161 | D:1      | Reached skill level 6 in Stealth
   578 | D:1      | Reached XP level 3. HP: 21/21 MP: 3/3
   932 | D:2      | Reached skill level 7 in Stealth
  1039 | D:2      | Reached XP level 4. HP: 11/26 MP: 4/4
  1769 | D:3      | Reached skill level 8 in Stealth
  2101 | D:4      | Reached XP level 5. HP: 29/30 MP: 5/5
  2129 | D:4      | Reached skill level 9 in Stealth
  2226 | D:4      | Noticed Sigmund
  2231 | D:4      | Killed Sigmund
  2231 | D:4      | Reached skill level 10 in Stealth
  2231 | D:4      | Reached XP level 6. HP: 18/35 MP: 6/6
  2603 | D:4      | Found a bloodstained altar of Trog.
  2607 | D:4      | Noticed a wizard
  2609 | D:4      | Killed a wizard
  2675 | D:4      | Noticed a sky beast
  2687 | D:4      | Slain by a sky beast

Skill      XL: |  1  2  3  4  5 |
---------------+----------------+-----
Stealth        | 6 7 8 10 | 10.5
Fighting       | |  2.1
Short Blades   | |  2.6
Throwing       | |  2.1
Dodging        | |  1.2

Action                   |  1- 3 |  4- 6 || total
-------------------------+-------+-------++-------
Melee: Dagger            |    82 |    74 ||   156
 Fire: Blowgun           |       |     8 ||     8
 Stab: Sleeping          |    12 |    15 ||    27
  Eat: Chunk             |     9 |     5 ||    14
Armor: Robe              |    12 |    19 ||    31
Dodge: Dodged            |    41 |    50 ||    91
